 Dungeon Crawl Stone Soup version 0.24-a0-282-g1a68c911f0 (webtiles) character file.

Game seed: 15133996406447212844

329100 Redear the Eclecticist (level 21, -17/142 HPs)
             Began as an Octopode Air Elementalist on May 3, 2019.
             Was a High Priest of Zin.
             Hit by a large rock thrown by a stone giant (44 damage)
             ... on level 2 of the Depths.
             The game lasted 07:01:00 (81685 turns).

Redear the Eclecticist (Octopode Air Elementalist) Turns: 81685, Time: 07:01:00

Health: -17/142    AC:  3    Str:  8    XL:     21   Next: 71%
Magic:  6/40       EV: 29    Int: 35    God:    Zin [*****.]
Gold:   481        SH: 24    Dex: 26    Spells: 4/50 levels left

rFire    + . .     SeeInvis +   e - staff of conjuration
rCold    + . .     Gourm    .   U - +5 shield
rNeg     + . .     Faith    .   K - +2 hat
rPois    +         Spirit   .   M - amulet of Fuops {Reflect rC+ rN+ SH+5}
rElec    .         Reflect  +   y - ring "Zievvui" {EV+4 Dex+4}
rCorr    +         Harm     .   m - ring of protection from magic {MR+}
MR       ++...                  c - +5 ring of dexterity
Stlth    +++++.....             a - ring "Innim" {rCorr Int+6 Dex+4}
HPRegen  0.33/turn              k - +3 ring of intelligence
MPRegen  0.27/turn              f - ring of protection from fire {rF+}
                                s - ring of see invisible {SInv}
                                o - ring of poison resistance {rPois}

@: about to teleport
A: almost no armour, stealthy swim, amphibious, 8 rings, constrict 8, camouflage
1, gelatinous body 1
}: 2/15 runes: serpentine, barnacled
a: Recite, Vitalisation, Imprison, Sanctuary, Donate Gold, Renounce Religion


You were on level 2 of the Depths.
You worshipped Zin.
Zin was extremely pleased with you.
You were not hungry.

You visited 8 branches of the dungeon, and saw 38 of its levels.
You also visited: Bailey and Ice Cave.

You collected 4302 gold pieces.
You spent 3391 gold pieces at shops.
You donated 430 gold pieces to Zin.

Inventory:

Missiles
 Z - 3 throwing nets (quivered) {+f}
Armour
 K - a +2 hat (worn)
 U - a +5 shield (worn)
Magical Staves
 e - an uncursed staff of conjuration (weapon)
 O - an uncursed staff of earth
Jewellery
 a - the ring "Innim" (on tentacle) {rCorr Int+6 Dex+4}
   (You bought it in a shop on level 3 of the Shoals)

   [ring of resist corrosion]

   It affects your intelligence (+6).
   It affects your dexterity (+4).
 c - a +5 ring of dexterity (on tentacle)
 f - a ring of protection from fire (on tentacle) {rF+}
 k - a +3 ring of intelligence (on tentacle)
 m - a ring of protection from magic (right tentacle) {MR+}
 o - a ring of poison resistance (on tentacle) {rPois}
 p - a +4 ring of strength
 s - a ring of see invisible (on tentacle) {SInv}
 w - an uncursed ring of wizardry {Wiz+}
 y - the ring "Zievvui" (left tentacle) {EV+4 Dex+4}
   (You acquired it on level 2 of the Vaults)

   [ring of evasion]

   It affects your evasion (+4).
   It affects your dexterity (+4).
 M - the amulet of Fuops (around mantle) {Reflect rC+ rN+ SH+5}
   (You found it on level 13 of the Dungeon)

   [amulet of reflection]

   It shields you and reflects attacks.
   It protects you from cold.
   It protects you from negative energy.
   It affects your SH (+5).
Wands
 v - a wand of digging (9)
 A - a wand of acid (5)
 I - a wand of iceblast (12)
 P - a wand of paralysis (17)
 S - a wand of scattershot (5)
Scrolls
 b - 9 scrolls of immolation
 g - 3 scrolls of amnesia
 q - 2 scrolls of enchant weapon
 r - a scroll of summoning
 x - a scroll of fear
 B - 2 scrolls of blinking {@r4}
 G - 4 scrolls of enchant armour
 L - 2 scrolls of fog
 N - 22 scrolls of remove curse {@r2}
 R - 16 scrolls of identify {@r1}
 T - 9 scrolls of teleportation {@r3}
Potions
 d - 4 potions of invisibility
 h - a potion of berserk rage
 i - 3 potions of mutation {!q}
 j - 3 potions of agility {Stlth+ Dex+5 EV+5 | @q4}
 l - 6 potions of flight
 n - 3 potions of cancellation
 t - 9 potions of might {Str+5 DMG+1d10 | @q3}
 u - 6 potions of brilliance {Archmagi Int+5 Wiz++}
 D - 2 potions of resistance {rF+ rC+ rPois rElec rCorr}
 E - 4 potions of magic
 F - 3 potions of lignification
 H - 4 potions of haste {@q5}
 J - a potion of ambrosia
 Q - 9 potions of curing {@q2}
Miscellaneous
 C - a lightning rod (4/4)
 V - a crystal ball of energy
 W - a sack of spiders
 X - a phial of floods
 Y - a lamp of fire
Comestibles
 z - 29 rations


   Skills:
 + Level 11.6 Fighting
 + Level 11.6 Dodging
 - Level 6.4 Stealth
 - Level 15.0 Shields
 - Level 15.2 Spellcasting
 - Level 14.8 Conjurations
 - Level 5.0 Summonings
 - Level 3.0 Ice Magic
 - Level 12.1 Air Magic
 - Level 5.1 Poison Magic
 - Level 12.0 Invocations
 - Level 15.0 Evocations


You had 4 spell levels left.
You knew the following spells:

 Your Spells              Type           Power        Failure   Level  Hunger
a - Shock                 Conj/Air       ####         0%          1    None
c - Mephitic Cloud        Conj/Pois/Air  ########     1%          3    None
d - Swiftness             Chrm/Air       ######..     1%          2    None
e - Summon Lightning Spi  Summ/Air       ######..     1%          4    None
g - Apportation           Tloc           ####..       1%          1    None
i - Summon Ice Beast      Ice/Summ       ######..     2%          4    None
j - Conjure Flame         Conj/Fire      #######.     1%          3    None
m - Airstrike             Air            #######...   1%          4    None
q - Venom Bolt            Conj/Pois      #######...   1%          5    None
w - Lightning Bolt        Conj/Air       ########..   1%          5    None
D - Deflect Missiles      Chrm/Air       ######....   19%         6    #......
K - Conjure Ball Lightni  Conj/Air       ########..   1%          6    #......
R - Blink                 Tloc           N/A          2%          2    None

Your spell library contained the following spells:

 Spells                   Type           Power        Failure   Level  Hunger
 Magic Dart               Conj           ####         0%          1    None
 Static Discharge         Conj/Air       ########     0%          3    None
 Animate Skeleton         Necr           N/A          1%          1    None
 Confusing Touch          Hex            ####..       1%          1    None
 Corona                   Hex            ####...      1%          1    None
 Freeze                   Ice            ####         1%          1    None
 Infusion                 Chrm           ####         1%          1    None
 Sting                    Conj/Pois      ####         1%          1    None
 Summon Small Mammal      Summ           ####         1%          1    None
 Call Imp                 Summ           ######..     1%          2    None
 Ensorcelled Hibernation  Hex/Ice        #####.       1%          2    None
 Poisonous Vapours        Pois/Air       ######       1%          2    None
 Call Canine Familiar     Summ           ######..     1%          3    None
 Dazzling Spray           Conj/Hex       ######       1%          3    None
 Summon Guardian Golem    Hex/Summ       #####...     1%          3    None
 Force Lance              Conj/Tloc      #######.     1%          4    None
 Olgreb's Toxic Radiance  Pois           ######..     1%          4    None
 Shroud of Golubria       Chrm/Tloc      ####......   2%          2    None
 Slow                     Hex            ####....     2%          2    None
 Song of Slaying          Chrm           ####....     2%          2    None
 Confuse                  Hex            ####....     4%          3    None
 Gell's Gravitas          Tloc           ####......   4%          3    None
 Portal Projectile        Hex/Tloc       ####..       4%          3    None
 Regeneration             Chrm/Necr      ####......   4%          3    None
 Spectral Weapon          Hex/Chrm       ####....     4%          3    None
 Tukima's Dance           Hex            ####....     4%          3    None
 Irradiate                Conj/Tmut      #######...   1%          5    None
 Silence                  Hex/Air        ######....   3%          5    None
 Shadow Creatures         Summ           N/A          28%         6    #......
 Borgnjor's Vile Clutch   Necr/Erth      ####......   38%         5    None
 Simulacrum               Ice/Necr       #####.....   77%         6    #......
 Darkness                 Hex            ####......   92%         6    #......
 Dispersal                Tloc           ####......   92%         6    #......
 Hydra Form               Tmut           ####......   92%         6    #......
 Statue Form              Tmut/Erth      ####.....    92%         6    #......
 Dragon Form              Tmut           ####......   100%        7    ####...
 Controlled Blink         Tloc           N/A          100%        8    ######.
 Disjunction              Tloc           ####......   100%        8    ######.
 Tornado                  Air            #######...   100%        9    #######


Dungeon Overview and Level Annotations

Branches:
Dungeon (15/15)            Temple (1/1) D:7            Lair (6/6) D:11
 Shoals (4/4) Lair:4        Snake (4/4) Lair:3        Slime (0/5) Lair:5
    Orc (2/2) D:11            Elf (0/3) Orc:2        Vaults (4/5) D:14
  Crypt (0/3) Vaults:3     Depths (2/5) D:15

Altars:
Ashenzari
Cheibriados
Dithmenos
Elyvilon
Fedhas
Gozag
Hepliaklqana
Kikubaaqudgha
Makhleb
Nemelex Xobeh
Okawaru
Qazlal
Ru
Sif Muna
Trog
Uskayaw
Vehumet
Wu Jian
Xom
Yredelemnul
Zin
The Shining One
Beogh
Jiyva

Shops:
D:11 *   D:12 [   D:13 [   Orc:1 [   Orc:2 }!   Shoals:2 *   Shoals:3 [(*=%
Shoals:4 [[?*   Snake:1 [   Vaults:1 [   Vaults:2 }

Portals:
Hell: Depths:1
Abyss: Depths:1
Pandemonium: Depths:1
Trove: Vaults:1 (give horn of Geryon)

Annotations:
Shoals:2 Ilsuiw


Innate Abilities, Weirdness & Mutations

You cannot wear most types of armour.
You are very stealthy in the water. (Stealth+)
You are amphibious.
You can wear up to eight rings at the same time.
You can use your tentacles to constrict eight enemies at once.
Your skin changes colour to match your surroundings (Stealth+).
Your rubbery body absorbs attacks. (AC +1, EV +1)


Message History

The spriggan berserker goes berserk!
The ice dragon completely misses you. You block the ice dragon's attack.
The ice dragon completely misses you.
The boggart casts a spell.
You take 38 damage, and have 48/142 hp.
MASSIVE DAMAGE!!
Unknown command.
Casting: Blink (safe; 2% risk of failure)
Confirm with . or Enter, or press ? or * to list all spells.
You blink.
The quicksilver dragon bites you!
* * * LOW HITPOINT WARNING * * *
The quicksilver dragon misses you.
You block the quicksilver dragon's attack. x2
The necromancer casts a spell.
The necromancer binds the souls of nearby monsters.
You hear a shout!
The rakshasa weaves an illusion.
You block the quicksilver dragon's attack.
The quicksilver dragon claws you!
* * * LOW HITPOINT WARNING * * *
The stone giant throws a large rock.
The large rock hits you!!!
You die...

... ........... .....
N.C.######.. ...... gC.#
.....N# #yC.#
......§###i..#
.....§§§§e..# #
#..§§§§§.## .#
##..yDD§..#...
#..@D§§......
##.....§§.....
..#....J.............
.......p...CR..#...C###
........p†##p...........
........................
##.........p....(......R
......#................
.#..###................


You could see an ice dragon, 2 quicksilver dragons, a stone giant, a rakshasa, a
spark wasp, 3 hell knights, a large slime creature, a necromancer and a naga
shaped shifter.

Vanquished Creatures
  Mennas (Vaults:2)
  Bai Suzhen (Vaults:3)
  Frederick (Vaults:3)
  Rupert (D:15)
  A tentacled monstrosity (Vaults:4)
  A lich (Depths:2)
  An Ice Fiend (IceCv)
  Agnes (Snake:4)
  A storm dragon (Vaults:1)
  Kirke (Snake:4)
  8 nagarajas (Snake:4)
  2 frost giants
  2 fire giants (Vaults:4)
  A deep elf sorcerer (Vaults:3)
  Aizul (Snake:1)
  14 vault wardens
  2 orc warlords
  10 ironheart preservers
  2 very ugly things (Vaults:2)
  3 stone giants
  An entropy weaver (Vaults:4)
  A spark wasp (Depths:2)
  2 merfolk javelineers (Shoals:4)
  An ettin (Depths:2)
  5 merfolk impalers
  A fire dragon (Depths:1)
  2 yaktaur captains
  2 great orbs of eyes
  2 jiangshi
  10 vault guards
  Josephine (D:11)
  7 ogre magi
  A deep elf high priest (Vaults:3)
  8 hydras
  A rakshasa (Depths:1)
  Fannar (D:12)
  4 centaur warriors
  An alligator snapping turtle (Shoals:4)
  13 naga warriors
  2 death knights (Vaults:2)
  4 merfolk avatars
  Erica (Lair:1)
  7 anacondas
  8 merfolk aquamancers
  24 two-headed ogres
  5 deep troll shamans (D:15)
  An alligator (shapeshifter) (Vaults:4)
  7 death yaks (Lair:5)
  A satyr (Shoals:4)
  A hell hog (Depths:1)
  3 deep troll earth magi
  3 vampire magi
  3 tengu warriors
  2 hell knights (Depths:2)
  7 naga sharpshooters
  6 spriggan berserkers
  8 shock serpents
  10 deep elf knights
  3 salamander mystics
  A shadow wraith (Vaults:3)
  2 skeletal warriors
  9 sea snakes
  4 flayed ghosts
  10 wizards
  4 deep trolls
  4 unseen horrors
  4 glowing orange brains
  14 harpies
  3 naga ritualists
  16 orc knights
  A wolf spider zombie (D:13)
  Pikel (D:8)
  A deep elf archer (Vaults:3)
  11 ironbrand convokers
  An oklob plant (Lair:6)
  2 necromancers
  2 human zombies (Vaults:2)
  3 fauns
  2 wolf spiders
  4 mana vipers
  10 deep elf magi
  4 orc sorcerers
  4 cyclopes
  10 slime creatures
  20 ugly things
  10 manticores
  A shadow dragon skeleton (Vaults:4)
  6 salamanders
  A guardian serpent (Snake:3)
  6 vault sentinels
  3 ice statues (IceCv)
  22 black mambas
  A centaur zombie (D:12)
  5 merfolk sirens
  13 naga magi
  5 elephants
  A guardian serpent (shapeshifter) (D:14)
  8 spiny frogs
  A torpor snail (Lair:6)
  3 water nymphs
  4 rime drakes
  Psyche (D:7)
  A yaktaur zombie (Vaults:2)
  3 kobold demonologists
  15 yaktaurs
  2 freezing wraiths
  An anaconda simulacrum (IceCv)
  2 tengu conjurers
  9 komodo dragons
  An efreet (D:14)
  4 ice devils (IceCv)
  8 trolls
  A meliai (D:15)
  A wolf spider simulacrum (D:15)
  11 hornets
  2 polar bears (Lair:6)
  14 merfolk
  Prince Ribbit (D:6)
  8 snapping turtles
  13 blink frogs
  12 hippogriffs
  10 dream sheep
  An ettin zombie (Vaults:4)
  A stone giant simulacrum (Vaults:1)
  Sigmund (D:4)
  A centaur simulacrum (D:11)
  5 wyverns
  A vampire (D:15)
  11 spriggans (Lair:6)
  A dire elephant simulacrum (IceCv)
  A redback (Vaults:4)
  7 water elementals
  7 wraiths
  28 yaks
  3 hogs (Snake:4)
  2 vampire mosquitoes
  An ettin skeleton (Vaults:4)
  14 humans
  5 basilisks
  A hungry ghost (D:7)
  An iron troll simulacrum (IceCv)
  A human simulacrum (Vaults:3)
  2 harpy simulacra (IceCv)
  3 wargs
  3 acid dragons
  24 nagas
  A soldier ant (D:12)
  3 hell hounds (Depths:1)
  2 hydra simulacra (IceCv)
  10 water moccasins
  48 orc warriors
  6 porcupines
  2 hornet zombies
  7 black bears
  5 ice beasts
  4 sky beasts
  4 phantoms
  An eye of draining (D:9)
  3 slaves (D:7)
  15 boggarts
  17 centaurs
  22 ogres
  A necrophage (D:11)
  19 wolves
  16 crocodiles
  6 big kobolds
  16 bullfrogs
  A wyvern zombie (D:13)
  A gnoll sergeant (D:10)
  A human skeleton (Vaults:4)
  A wyvern skeleton (D:14)
  2 water moccasin skeletons
  5 scorpions
  10 killer bees
  5 wights (D:7)
  2 howler monkeys (D:4)
  An electric eel (D:15)
  5 crimson imps
  A wyvern simulacrum (D:14)
  3 bullfrog skeletons
  4 bullfrog zombies
  5 centaur skeletons
  23 orc priests
  9 hounds
  5 jellies
  4 iguanas
  Jessica (D:2)
  20 orc wizards
  7 worker ants
  3 hound skeletons
  15 adders
  6 gnolls
  4 shadow imps
  5 oozes (D:9)
  2 adder skeletons (D:4)
  2 adder zombies (D:5)
  2 worms
  10 dart slugs
  10 leopard geckos
  102 orcs
  3 bats
  5 giant cockroaches
  12 goblins
  6 hobgoblins
  13 jackals
  37 kobolds
  2 quokkas
  A ball python (D:7)
  2 frilled lizards (D:2)
  A leopard gecko skeleton (D:8)
  A quokka skeleton (D:6)
  10 rats
  2 crawling corpses (Vaults:4)
  A fungus (Lair:6)
  5 plants
1293 creatures vanquished.

Vanquished Creatures (collateral kills)
  4 nagarajas
  Donald (Snake:4)
  2 vault wardens (Vaults:3)
  A ghoul (Vaults:2)
  3 ironheart preservers
  3 very ugly things (Vaults:2)
  An ettin (Vaults:4)
  A merfolk impaler (Shoals:4)
  A deep elf death mage (Vaults:4)
  A merfolk javelineer (Shoals:4)
  3 naga warriors
  A hydra (D:15)
  7 vault guards
  A rakshasa (Vaults:3)
  2 merfolk avatars
  An anaconda (shapeshifter) (Vaults:2)
  A merfolk aquamancer (Shoals:4)
  7 two-headed ogres
  2 anacondas
  3 ogre magi
  An alligator snapping turtle (Shoals:4)
  An orc high priest (Orc:2)
  2 shock serpents
  A deep elf knight (Vaults:3)
  A salamander mystic (Snake:2)
  A hell knight (Depths:1)
  5 sea snakes
  2 deep trolls (Vaults:1)
  3 naga ritualists
  5 ironbrand convokers
  6 orc knights
  4 harpies
  2 necromancers
  A wolf spider (Vaults:2)
  2 deep elf magi (Vaults:3)
  8 fauns
  3 mana vipers
  4 salamanders
  6 ugly things
  5 manticores
  5 merfolk sirens
  2 cyclopes
  13 black mambas
  A water nymph (Shoals:4)
  A guardian serpent (Snake:4)
  A fire giant skeleton (Vaults:2)
  A vault sentinel (Vaults:1)
  4 naga magi
  A gargoyle (D:15)
  5 yaktaurs
  2 freezing wraiths
  An anaconda simulacrum (IceCv)
  A komodo dragon (D:15)
  7 ice devils (IceCv)
  A polar bear (shapeshifter) (Vaults:2)
  A troll (Vaults:2)
  3 merfolk (Shoals:4)
  5 slime creatures
  2 hippogriffs
  4 snapping turtles
  5 water elementals
  A dire elephant simulacrum (IceCv)
  A hungry ghost (D:15)
  2 wargs (Orc:2)
  An iron troll simulacrum (IceCv)
  An acid dragon (Vaults:1)
  33 nagas
  9 hell hounds (Depths:1)
  21 orc warriors
  A boggart (Vaults:3)
  8 ogres
  6 wolves
  3 centaurs
  A bullfrog (Lair:3)
  An orc simulacrum (Vaults:2)
  5 orc priests
  3 orc wizards
  A worker ant (D:13)
  3 shadow imps
  35 orcs
  5 kobolds (D:12)
  A fire vortex (D:15)
  2 plants
319 creatures vanquished.

Vanquished Creatures (others)
  4 stone giants
  2 centaur warriors
  A naga sharpshooter (Snake:4)
  14 ball lightnings
  A deep elf archer (Vaults:1)
  2 fauns
  A salamander (Snake:2)
  5 yaktaurs
  A tarantella (shapeshifter) (D:15)
  2 humans
  A water moccasin (Lair:6)
  A slave (D:8)
  A centaur (Depths:1)
  A crocodile (Lair:6)
  2 orcs (Orc:2)
  7 fungi
  27 plants
73 creatures vanquished.

Grand Total: 1685 creatures vanquished

Notes
Turn   | Place    | Note
-------+----------+-------------------------------------------
     0 | D:1      | Redear the Octopode Air Elementalist began the quest for
                  | the Orb.
     0 | D:1      | Reached XP level 1. HP: 11/11 MP: 3/3
   174 | D:1      | Reached XP level 2. HP: 8/17 MP: 0/5
   932 | D:1      | Reached XP level 3. HP: 21/21 MP: 3/6
  1148 | D:2      | Reached skill level 2 in Conjurations
  1327 | D:2      | Reached XP level 4. HP: 27/27 MP: 2/8
  1458 | D:2      | Found a shattered altar of Ashenzari.
  1670 | D:2      | Noticed Jessica
  1677 | D:2      | Killed Jessica
  1677 | D:2      | Reached skill level 3 in Spellcasting
  1677 | D:2      | Reached skill level 4 in Air Magic
  1825 | D:2      | Reached XP level 5. HP: 31/31 MP: 2/9
  2307 | D:3      | Reached skill level 3 in Conjurations
  2310 | D:3      | Noticed a sky beast
  2317 | D:3      | Learned a level 3 spell: Static Discharge
  2322 | D:3      | Learned a level 4 spell: Airstrike
  2561 | D:3      | Killed a sky beast
  2561 | D:3      | Reached XP level 6. HP: 20/36 MP: 11/11
  2996 | D:4      | Noticed Sigmund
  3015 | D:4      | Reached skill level 4 in Spellcasting
  3515 | D:4      | Killed Sigmund
  3515 | D:4      | Reached skill level 4 in Conjurations
  3515 | D:4      | Reached skill level 5 in Air Magic
  3515 | D:4      | Reached XP level 7. HP: 26/41 MP: 3/13
  4337 | D:3      | Reached skill level 5 in Spellcasting
  4337 | D:3      | Reached skill level 5 in Conjurations
  4337 | D:3      | Reached skill level 6 in Air Magic
  4337 | D:3      | Reached XP level 8. HP: 46/46 MP: 6/15
  4775 | D:5      | Entered Level 5 of the Dungeon
  5691 | D:6      | Reached skill level 6 in Conjurations
  5750 | D:6      | Reached skill level 6 in Spellcasting
  5751 | D:6      | Reached skill level 7 in Air Magic
  5961 | D:6      | Noticed Prince Ribbit
  5968 | D:6      | Reached XP level 9. HP: 27/51 MP: 13/18
  6015 | D:6      | Killed Prince Ribbit
  7001 | D:6      | Found a shimmering altar of Xom.
  7191 | D:7      | Reached skill level 7 in Conjurations
  7386 | D:7      | Found an ancient bone altar of Kikubaaqudgha.
  7438 | D:7      | Found a flagged portal.
  7447 | Bailey   | Entered a bailey
  7453 | Bailey   | Noticed an orc warlord
  7525 | Bailey   | Noticed an orc knight
  7669 | Bailey   | Killed an orc knight
  7669 | Bailey   | Reached skill level 7 in Spellcasting
  7669 | Bailey   | Reached skill level 8 in Air Magic
  7778 | Bailey   | Learned a level 5 spell: Lightning Bolt
  7789 | Bailey   | Found a runed translucent gate.
  7795 | Bailey   | Found a runed translucent gate.
  7889 | Bailey   | Found a runed translucent gate.
  8134 | Bailey   | Killed an orc warlord
  8134 | Bailey   | Reached skill level 8 in Spellcasting
  8134 | Bailey   | Reached skill level 8 in Conjurations
  8134 | Bailey   | Reached skill level 9 in Air Magic
  8134 | Bailey   | Reached XP level 10. HP: 56/56 MP: 0/22
  8513 | D:7      | Learned a level 2 spell: Swiftness
  8549 | D:7      | Found a staircase to the Ecumenical Temple.
  8980 | Temple   | Entered the Ecumenical Temple
  9021 | Temple   | Became a worshipper of Zin the Law-Giver
  9021 | Temple   | Reached * piety under Zin
  9021 | Temple   | Reached ** piety under Zin
  9092 | D:8      | Noticed Pikel
  9360 | D:8      | Noticed Psyche
  9470 | D:7      | Killed Psyche
  9470 | D:7      | Reached skill level 9 in Conjurations
  9785 | D:8      | Reached skill level 3 in Stealth
 10119 | D:8      | Reached skill level 1 in Invocations
 10125 | D:8      | Noticed a two-headed ogre
 10364 | D:8      | Killed Pikel
 10365 | D:8      | Reached XP level 11. HP: 18/61 MP: 8/23
 10369 | D:8      | Reached skill level 4 in Stealth
 10528 | D:8      | Reached skill level 2 in Invocations
 10558 | D:8      | Killed a two-headed ogre
 10558 | D:8      | Reached skill level 9 in Spellcasting
 10558 | D:8      | Reached skill level 10 in Air Magic
 11352 | D:9      | You fall through a shaft for 2 floors!
 11359 | D:10     | Entered Level 10 of the Dungeon
 11554 | D:10     | Reached skill level 5 in Stealth
 11565 | D:10     | Reached skill level 3 in Invocations
 12306 | D:10     | Reached *** piety under Zin
 12789 | D:9      | Reached skill level 6 in Stealth
 13211 | D:9      | Reached skill level 10 in Conjurations
 14382 | D:10     | Reached skill level 1 in Evocations
 14607 | D:11     | Found a staircase to the Lair.
 14792 | D:11     | Reached skill level 2 in Evocations
 15316 | D:11     | Found a large runed translucent door.
 15316 | D:11     | Found a large runed translucent door.
 15328 | D:11     | Found a large runed translucent door.
 15328 | D:11     | Found a large runed translucent door.
 15514 | D:11     | Noticed a skeletal warrior
 15525 | D:11     | Killed a skeletal warrior
 15525 | D:11     | Reached skill level 3 in Evocations
 15525 | D:11     | Reached XP level 12. HP: 36/66 MP: 9/25
 16019 | D:11     | Noticed Josephine
 16020 | D:11     | Killed Josephine
 16020 | D:11     | Reached skill level 10 in Spellcasting
 16020 | D:11     | Reached skill level 11 in Air Magic
 16024 | D:11     | Reached skill level 4 in Evocations
 16255 | D:11     | Found a staircase to the Orcish Mines.
 16301 | D:11     | Found Marax's General Store.
 16505 | D:11     | Noticed a seven-headed hydra
 16831 | D:11     | Reached **** piety under Zin
 16886 | Lair:1   | Entered Level 1 of the Lair of Beasts
 17014 | Lair:1   | Noticed Erica
 17024 | Lair:1   | Killed Erica
 17309 | Lair:1   | Reached skill level 11 in Conjurations
 17324 | Lair:1   | HP: 2/66 [spiny frog (13)]
 17330 | Lair:1   | Reached skill level 5 in Evocations
 17817 | Lair:1   | Reached skill level 6 in Invocations
 17817 | Lair:1   | Reached skill level 8 in Evocations
 17817 | Lair:1   | Reached XP level 13. HP: 71/71 MP: 27/27
 19727 | Lair:3   | Found a staircase to the Snake Pit.
 20281 | Lair:2   | Learned a level 3 spell: Mephitic Cloud
 20904 | Lair:3   | Reached skill level 9 in Evocations
 20904 | Lair:3   | Reached XP level 14. HP: 76/76 MP: 13/28
 22101 | Lair:4   | Found a staircase to the Shoals.
 22642 | Lair:4   | Reached ***** piety under Zin
 23227 | Lair:4   | Reached skill level 12 in Air Magic
 23581 | Lair:5   | Reached skill level 11 in Spellcasting
 24582 | Lair:5   | Reached skill level 1 in Poison Magic
 24808 | Lair:5   | Reached skill level 12 in Conjurations
 25144 | Lair:5   | Reached skill level 2 in Poison Magic
 25251 | Lair:5   | Found a staircase to the Slime Pits.
 25252 | Lair:5   | Found a viscous altar of Jiyva.
 25384 | Lair:5   | Reached skill level 10 in Evocations
 25894 | Lair:5   | Reached skill level 3 in Poison Magic
 26123 | Lair:6   | Entered Level 6 of the Lair of Beasts
 26123 | Lair:6   | Found an ancient bone altar of Kikubaaqudgha.
 26743 | Lair:5   | Learned a level 5 spell: Venom Bolt
 27295 | Lair:6   | Identified 3 scrolls of acquirement
 27307 | Lair:6   | Got a shimmering iron ring
 27313 | Lair:6   | Identified the ring "Kotearho" {rCorr *Slow rPois Int+3}
                  | (You acquired it on level 6 of the Lair of Beasts)
 27577 | Lair:6   | Reached skill level 1 in Shields
 27714 | Lair:6   | Reached skill level 4 in Poison Magic
 28911 | Lair:6   | Reached skill level 3 in Dodging
 28911 | Lair:6   | Reached skill level 2 in Shields
 29847 | Lair:6   | Reached skill level 5 in Poison Magic
 30548 | Orc:1    | Entered Level 1 of the Orcish Mines
 30548 | Orc:1    | Found Widwitri's Armour Shop.
 30575 | D:11     | Reached skill level 3 in Shields
 30753 | Orc:1    | Noticed a stone giant
 30867 | Orc:1    | Reached XP level 15. HP: 26/81 MP: 18/30
 31398 | D:11     | Bought a ration for 65 gold pieces
 31398 | D:11     | Bought a ration for 65 gold pieces
 31398 | D:11     | Bought a potion of invisibility for 104 gold pieces
 31520 | D:12     | Reached skill level 4 in Dodging
 32119 | D:12     | Learned a level 4 spell: Summon Lightning Spire
 32479 | D:12     | You fall through a shaft for 2 floors!
 32749 | D:12     | Noticed Fannar
 33008 | D:12     | Killed Fannar
 33008 | D:12     | Reached skill level 12 in Spellcasting
 33008 | D:12     | Reached skill level 1 in Summonings
 33174 | D:12     | Found Sucza's Antique Armour Emporium.
 33414 | D:13     | Reached skill level 4 in Shields
 33632 | D:13     | Got a sparkling tin amulet
 33882 | D:13     | Reached skill level 2 in Summonings
 34350 | D:13     | Identified the amulet of Fuops {Reflect rC+ rN+ SH+5} (You
                  | found it on level 13 of the Dungeon)
 34763 | D:13     | Found Ceofearo's Antique Armour Boutique.
 35034 | D:12     | Reached skill level 5 in Dodging
 35326 | D:13     | Bought a shiny buckler for 240 gold pieces
 35345 | D:13     | Reached skill level 13 in Conjurations
 36521 | D:14     | Reached skill level 3 in Summonings
 36859 | D:14     | Reached skill level 5 in Shields
 37672 | D:14     | Got a pitted brass ring
 37868 | D:14     | Found a gate to the Vaults.
 37883 | D:14     | Learned a level 3 spell: Conjure Flame
 37886 | D:14     | Learned a level 2 spell: Blink
 37888 | D:14     | Learned a level 1 spell: Apportation
 38015 | D:14     | Reached skill level 6 in Dodging
 38015 | D:14     | Reached skill level 4 in Summonings
 38022 | D:14     | Found a shadowy altar of Dithmenos.
 38107 | D:15     | Entered Level 15 of the Dungeon
 38797 | D:14     | Learned a level 1 spell: Corona
 38904 | D:15     | Noticed a frost giant
 38910 | D:15     | Killed a frost giant
 38910 | D:15     | Identified the +2 robe of a treasure trove {Regen+ Str+4}
 39364 | D:15     | Noticed Rupert
 39388 | D:15     | Reached skill level 6 in Shields
 39796 | D:15     | Killed Rupert
 39796 | D:15     | Reached XP level 16. HP: 83/86 MP: 3/32
 40104 | D:15     | Reached skill level 5 in Summonings
 40428 | D:15     | Found a staircase to the Depths.
 40830 | D:15     | Identified the ring of Egalitarianism {rPois rC+ Str+2
                  | Int-2} (You acquired it on level 14 of the Dungeon)
 41049 | Orc:1    | Reached skill level 7 in Dodging
 41632 | Orc:2    | Entered Level 2 of the Orcish Mines
 42015 | Orc:2    | Found a staircase to the Elven Halls.
 42796 | Orc:2    | Reached skill level 13 in Spellcasting
 43389 | Orc:2    | Found a roughly hewn altar of Beogh.
 43601 | Orc:2    | Found Raerrec's Gadget Shoppe.
 43601 | Orc:2    | Found Niliuchetz's Distillery.
 43634 | Orc:2    | Reached skill level 14 in Conjurations
 43796 | Orc:2    | Found a roughly hewn altar of Beogh.
 43814 | Orc:2    | Found Ryad's Food Shoppe.
 43814 | Orc:2    | Found Neuptip's Food Boutique.
 43820 | Orc:2    | Bought a ration for 50 gold pieces
 43820 | Orc:2    | Bought a ration for 50 gold pieces
 43820 | Orc:2    | Bought a ration for 50 gold pieces
 43820 | Orc:2    | Bought a ration for 50 gold pieces
 43820 | Orc:2    | Bought a ration for 50 gold pieces
 43820 | Orc:2    | Bought a ration for 50 gold pieces
 43820 | Orc:2    | Bought a ration for 50 gold pieces
 43820 | Orc:2    | Bought a ration for 50 gold pieces
 43820 | Orc:2    | Bought a ration for 50 gold pieces
 44216 | Orc:2    | Reached ****** piety under Zin
 44630 | Orc:2    | Bought a ration for 55 gold pieces
 44630 | Orc:2    | Bought a ration for 55 gold pieces
 44630 | Orc:2    | Bought a ration for 55 gold pieces
 44630 | Orc:2    | Bought a ration for 55 gold pieces
 44630 | Orc:2    | Bought a ration for 55 gold pieces
 44630 | Orc:2    | Bought a ration for 55 gold pieces
 44630 | Orc:2    | Bought a ration for 55 gold pieces
 44630 | Orc:2    | Bought a ration for 55 gold pieces
 44630 | Orc:2    | Bought a ration for 55 gold pieces
 44630 | Orc:2    | Bought a ration for 55 gold pieces
 44630 | Orc:2    | Bought a ration for 55 gold pieces
 44630 | Orc:2    | Bought a ration for 55 gold pieces
 44835 | Shoals:1 | Entered Level 1 of the Shoals
 44840 | Shoals:1 | Reached skill level 8 in Dodging
 45071 | Shoals:1 | HP: 5/86 [cyclops/large rock (19)]
 45195 | Shoals:1 | Found a frozen archway.
 45204 | IceCv    | Entered an ice cave
 45810 | IceCv    | Noticed an Ice Fiend
 45824 | IceCv    | Killed an Ice Fiend
 46473 | IceCv    | Found the +3 giant club "Skullcrusher" {speed, Str+7}
 46573 | Shoals:1 | Reached skill level 9 in Dodging
 46948 | Shoals:1 | Learned a level 4 spell: Summon Ice Beast
 47157 | Shoals:1 | Reached skill level 1 in Ice Magic
 47920 | Shoals:2 | Noticed Ilsuiw
 48322 | Shoals:2 | Found Kisaass's Assorted Antiques.
 48331 | Shoals:2 | Bought a scroll of teleportation for 72 gold pieces
 48331 | Shoals:2 | Bought a wand of iceblast (7) for 96 gold pieces
 48331 | Shoals:2 | Bought a potion of haste for 240 gold pieces
 48506 | Shoals:2 | Reached skill level 2 in Ice Magic
 49276 | Shoals:2 | Reached skill level 3 in Ice Magic
 49837 | Shoals:3 | Reached XP level 17. HP: 90/90 MP: 20/34
 49851 | Shoals:3 | Reached skill level 14 in Spellcasting
 49970 | Shoals:3 | Reached skill level 10 in Dodging
 50458 | Shoals:2 | Learned a level 6 spell: Conjure Ball Lightning
 50664 | Shoals:2 | Was placed under penance by Zin
 50948 | Shoals:3 | Reached skill level 1 in Fighting
 51453 | Shoals:3 | Reached skill level 2 in Fighting
 51722 | Shoals:3 | Found Kuaz's Jewellery Shop.
 51722 | Shoals:3 | Found Sodyzeorr's General Store.
 51734 | Shoals:3 | Bought the ring "Innim" {rCorr Int+6 Dex+4} for 672 gold
                  | pieces
 51734 | Shoals:3 | Bought a cursed ring of poison resistance for 238 gold
                  | pieces
 51901 | Shoals:3 | Reached skill level 3 in Fighting
 52461 | Shoals:3 | Found Womeb's Food Emporium.
 52491 | Shoals:3 | Found Duppiluq's Antique Armour Boutique.
 52495 | Shoals:3 | Found Raycask's Antique Weapon Emporium.
 52947 | Shoals:4 | Entered Level 4 of the Shoals
 52947 | Shoals:4 | Found Poumothru's Magic Scroll Shop.
 52955 | Shoals:4 | Was forgiven by Zin
 52957 | Shoals:4 | Bought a scroll of fear for 56 gold pieces
 52966 | Shoals:4 | Reached skill level 4 in Fighting
 54289 | Shoals:4 | Reached skill level 5 in Fighting
 54727 | Shoals:4 | Found Zeduasuh's Armour Emporium.
 54772 | Shoals:4 | Found Icatotz's General Store.
 54936 | Shoals:4 | Found Vitsoledgh's Armour Boutique.
 55776 | Shoals:4 | Reached skill level 6 in Fighting
 56336 | Shoals:4 | Got a barnacled rune of Zot
 56500 | Shoals:4 | Reached skill level 15 in Spellcasting
 56607 | Shoals:4 | Reached skill level 7 in Invocations
 56683 | Shoals:4 | Bought a scroll of teleportation for 48 gold pieces
 56683 | Shoals:4 | Bought a scroll of identify for 32 gold pieces
 56683 | Shoals:4 | Bought a scroll of amnesia for 56 gold pieces
 56692 | Shoals:4 | Learned a level 6 spell: Deflect Missiles
 56813 | Snake:1  | Entered Level 1 of the Snake Pit
 57484 | Snake:1  | Noticed Aizul
 57489 | Snake:1  | Killed Aizul
 57489 | Snake:1  | Reached skill level 7 in Fighting
 58050 | Snake:1  | Reached skill level 8 in Invocations
 58455 | Snake:1  | Reached skill level 11 in Evocations
 58579 | Snake:1  | Reached XP level 18. HP: 115/115 MP: 3/37
 58989 | Snake:1  | Found Ynaotias's Armour Emporium.
 59589 | Snake:2  | Reached skill level 8 in Fighting
 60570 | Snake:2  | Reached skill level 9 in Invocations
 60959 | Snake:2  | Found a stormy altar of Qazlal.
 61606 | Snake:3  | Reached skill level 9 in Fighting
 61606 | Snake:3  | Reached skill level 12 in Evocations
 62401 | Snake:3  | Found a stormy altar of Qazlal.
 63417 | Snake:4  | Entered Level 4 of the Snake Pit
 64078 | Snake:4  | Reached skill level 10 in Fighting
 64084 | Snake:4  | Noticed Agnes
 64427 | Snake:4  | Noticed Kirke
 64442 | Snake:4  | Killed Kirke
 64442 | Snake:4  | Reached skill level 13 in Evocations
 64770 | Snake:4  | Noticed Donald
 64783 | Snake:4  | Killed Donald
 65078 | Snake:4  | Killed Agnes
 65676 | Snake:4  | Reached skill level 14 in Evocations
 66905 | Snake:4  | Reached XP level 19. HP: 126/126 MP: 32/38
 66939 | Snake:4  | Got a serpentine rune of Zot
 67820 | Shoals:2 | HP: 1/126 [ball lightning[the player character] (39)]
 68456 | Vaults:1 | Entered Level 1 of the Vaults
 68613 | Vaults:1 | Found a portal to a secret trove of treasure.
 68866 | Vaults:1 | Reached skill level 15 in Evocations
 69983 | Vaults:1 | Found the +0 sword of Power
 71018 | Vaults:1 | Found Beusaga's Armour Shop.
 71026 | Vaults:1 | Bought a +2 shield for 297 gold pieces
 71130 | Vaults:1 | Reached skill level 7 in Shields
 71519 | Vaults:2 | You fall through a shaft for 2 floors!
 72345 | Vaults:4 | Reached skill level 8 in Shields
 72748 | Vaults:2 | Reached skill level 9 in Shields
 73247 | Vaults:2 | Reached skill level 10 in Shields
 74175 | Vaults:2 | Found a roughly hewn altar of Beogh.
 74445 | Vaults:2 | Noticed Mennas
 74445 | Vaults:2 | Reached skill level 11 in Shields
 74481 | Vaults:2 | Killed Mennas
 74481 | Vaults:2 | Reached XP level 20. HP: 107/132 MP: 20/39
 74508 | Vaults:2 | Found Righedidgh's Gadget Shoppe.
 74579 | Vaults:2 | Reached skill level 12 in Shields
 74895 | Vaults:2 | Got a scintillating wooden ring
 74898 | Vaults:2 | Identified the ring "Zievvui" {EV+4 Dex+4} (You acquired it
                  | on level 2 of the Vaults)
 75461 | Vaults:3 | Found a sparkling altar of Nemelex Xobeh.
 75488 | Vaults:3 | Noticed Bai Suzhen
 75508 | Vaults:3 | Killed Bai Suzhen
 75508 | Vaults:3 | Reached skill level 13 in Shields
 76177 | Vaults:3 | Noticed Frederick
 76188 | Vaults:3 | Killed Frederick
 76194 | Vaults:3 | Reached skill level 14 in Shields
 76692 | Vaults:3 | Found a staircase to the Crypt.
 76692 | Vaults:3 | Found a basalt altar of Yredelemnul.
 76693 | Vaults:3 | Found an ancient bone altar of Kikubaaqudgha.
 77131 | Vaults:3 | Reached skill level 15 in Shields
 77490 | Vaults:4 | Reached skill level 10 in Invocations
 77728 | Vaults:4 | Reached XP level 21. HP: 115/137 MP: 2/40
 78132 | Vaults:4 | Reached skill level 11 in Invocations
 79107 | Depths:1 | Entered Level 1 of the Depths
 79155 | D:15     | Reached skill level 12 in Invocations
 80262 | Depths:1 | Reached skill level 11 in Fighting
 80262 | Depths:1 | Reached skill level 11 in Dodging
 80562 | Depths:1 | You fall through a shaft!
 80775 | Depths:1 | Found a bloodstained altar of Trog.
 80802 | Depths:1 | Identified the Almanac of the Frostbite and Poisoning
 80880 | Depths:1 | Found a one-way gate leading to the halls of Pandemonium.
 80988 | Depths:1 | Found a one-way gate to the infinite horrors of the Abyss.
 81083 | Depths:1 | Found a gateway to Hell.
 81685 | Depths:2 | Hit by a large rock thrown by a stone giant

Levels and vault maps discovered:
D:1:      matt_arrival_los_fun, layout_loops_ring, serial_glass,
          glass_columns_b, glass_columns_a, glass_columns_b, glass_columns_a,
          glass_columns_a, glass_columns_b, glass_columns_a, glass_columns_c,
          glass_columns_c, glass_columns_a, glass_columns_b, glass_columns_a,
          glass_columns_a, glass_columns_a
D:2:      layout_rooms, nicolae_ashenzari_panopticon, uniq_jessica
D:3:      layout_rooms
D:4:      layout_basic, nicolae_underground_beach, uniq_sigmund
D:5:      kennysheep_slugbush, layout_basic, first_ration
D:6:      layout_basic, lemuel_statue_altar, uniq_prince_ribbit1
D:7:      layout_gridville, kiku_gazebo_garden_becter, temple_pool_b,
          enter_bailey_8
D:8:      layout_rooms, uniq_pikel, uniq_psyche
D:9:      layout_irregular_city, hangedman_little_slice_of_home
D:10:     layout_loops_ring
D:11:     layout_roguey, david_lair_generic, serial_shops,
          kennysheep_little_box, minmay_hollow_rounded_squares, uniq_josephine
D:12:     layout_cave_pools, serial_shops, shop_statue, uniq_fannar
D:13:     layout_basic, serial_shops, nicolae_shop_window_shopping
D:14:     layout_roguey, grunt_vaults_entry_tiered,
          grunt_dithmenos_smoke_and_mirrors, minmay_variable_closet
D:15:     grunt_enter_depths_snipers, layout_long_grid, nicolae_lava_and_water,
          wad_rectangle_vault, uniq_rupert
Temple:   nicolae_temple_the_god_donut
Lair:1:   layout_chaotic_city, beast_lair_carwin_11, uniq_erica
Lair:2:   layout_misc_corridors, beast_lair_carwin_1, lemuel_fruit_tree
Lair:3:   layout_cave_pods, dummy_snake_entry
Lair:4:   layout_concentric_octagons, minmay_shoals_entry_centaurs
Lair:5:   layout_regular_city, slime_altar_1, infiniplex_staircase_pool
Lair:6:   minmay_lair_end_enchanted_forest, layout_misc_corridors, basic_altar,
          infiniplex_staircase_pool_2
Shoals:1: layout_shoals, portal_ice_cave_entry_ugly_swarm,
          nicolae_shoals_square_sea_wall, nicolae_shoals_circle_sea_wall
Shoals:2: layout_shoals, serial_shops, nicolae_shop_stone,
          nicolae_shoals_seven_spires, uniq_ilsuiw
Shoals:3: layout_shoals, serial_shops, shop_statue, nicolae_shop_stone,
          shop_statue, shop, shop
Shoals:4: shoals_end_simple, layout_shoals, serial_shops, shop_statue, shop,
          nicolae_shop_window_shopping, shop
Snake:1:  layout_onion, serial_shops, nicolae_shop_statue_plus,
          hangedman_snake_sidewinding, uniq_aizul
Snake:2:  layout_misc_corridors, basic_altar
Snake:3:  layout_chambers, special_room, basic_altar
Snake:4:  minmay_snake_end_coiled, layout_cave_town, st_stairs_10,
          nicolae_snake_serpentine_hallways, uniq_donald, uniq_kirke, uniq_agnes
Orc:1:    layout_caves, serial_shops, nicolae_shop_crystal
Orc:2:    st_orc_town, layout_diamond_mine, minmay_orc_temple_a
Vaults:1: nicolae_vaults_network_star, nicolae_vaults_meeting,
          vaults_dpeg_hooks, v_misc_23, v_misc_16, nicolae_vaults_asterisk,
          layout_vaults_omnigrid, nicolae_trove_entry_crystal, serial_shops,
          shop
Vaults:2: vaults_room_door_ring, vaults_standard_mumra_x,
          nicolae_vaults_little_squares_5, special_room_vaults
          [special_room_orc], v_misc_2, nicolae_vaults_little_squares_1,
          ontoclasm_vaults_spin, vaults_standard_mumra_lines, vaults_mumra_lcd,
          vaults_room_pool, v_misc_27, layout_vaults_big_cross, serial_shops,
          nicolae_shop_waterfront, uniq_mennas
Vaults:3: v_alt_pattern_3, v_misc_26, hangedman_vaults_corner,
          minmay_crypt_entry_necro_gods, v_misc_25, vaults_mumra_chevron_long,
          ontoclasm_vaults_gateway, nicolae_vaults_border_crossing, v_misc_32,
          nicolae_vaults_mini_display_case, vaults_room_corners,
          nicolae_vaults_murderbox, nicolae_vaults_little_squares_2,
          nicolae_vaults_little_squares_6, vaults_room_hallway,
          layout_vaults_omnibox, basic_altar, uniq_bai_suzhen, uniq_frederick
Vaults:4: v_rooms_1, v_pattern_3, nicolae_vaults_diagonal_hallway_9, v_rooms_5,
          grunt_vaults_swirl, nicolae_vaults_twisting_passages,
          grunt_vaults_twisty, vaults_room_glass_cross, layout_vaults_ring
Depths:1: layout_cave_shapes, pan_entry, serial_bayou_lagoon_a,
          abyss_entry_small_statue_room, grunt_hell_horde,
          kennysheep_another_room, evilmike_spriggan_trog_shrine, firewood_loft
Depths:2: minmay_cut_squares, layout_cave_shapes, patterned_corridor,
          rand_demon_pan_entry_4, grunt_hell_entry_dis_old

Skill      XL: |  1  2  3  4  5  6  7  8  9 10 11 12 13 14 15 16 17 18 19 20 21 |
---------------+----------------------------------------------------------------+-----
Conjurations   | 2 3 4 5 6 8 9 10 11 12 13 14 | 14.8
Spellcasting   | 3 4 5 6 8 9 10 11 12 13 15 | 15.2
Air Magic      | 4 5 6 7 9 10 11 12 | 12.1
Stealth        | 3 6 |  6.4
Invocations    | 1 3 6 8 9 10 12 | 12.0
Evocations     | 3 8 9 10 11 14 15 | 15.0
Poison Magic   | 5 |  5.1
Shields        | 3 6 11 15 | 15.0
Dodging        | 3 6 9 10 11 | 11.6
Summonings     | 4 5 |  5.0
Ice Magic      | 3 |  3.0
Fighting       | 7 10 11 | 11.6

Action                   |  1- 3 |  4- 6 |  7- 9 | 10-12 | 13-15 | 16-18 | 19-21 || total
-------------------------+-------+-------+-------+-------+-------+-------+-------++-------
Melee: Unarmed           |    11 |     5 |       |       |       |       |       ||    16
       Constrict         |     4 |     4 |    11 |    11 |    17 |    66 |    56 ||   169
       Tentacles         |     3 |     1 |    14 |    14 |    24 |    76 |   110 ||   242
       Dagger            |       |    16 |    46 |    12 |       |       |       ||    74
       Staff             |       |       |       |    42 |    87 |   253 |   259 ||   641
       Falchion          |       |       |       |     2 |       |       |       ||     2
 Cast: Shock             |    49 |   110 |   264 |   387 |   277 |   199 |   105 ||  1391
       Static Discharge  |       |     5 |     5 |    31 |    65 |    12 |       ||   118
       Airstrike         |       |       |     5 |    12 |    25 |       |       ||    42
       Lightning Bolt    |       |       |     4 |    92 |   331 |   318 |   323 ||  1068
       Swiftness         |       |       |       |     1 |     2 |       |       ||     3
       Mephitic Cloud    |       |       |       |       |    30 |    38 |    15 ||    83
       Venom Bolt        |       |       |       |       |    32 |   171 |   108 ||   311
       Summon Lightning  |       |       |       |       |    22 |   205 |    98 ||   325
       Blink             |       |       |       |       |     3 |    16 |    32 ||    51
       Summon Ice Beast  |       |       |       |       |       |    26 |    11 ||    37
       Corona            |       |       |       |       |       |     3 |       ||     3
       Conjure Flame     |       |       |       |       |       |    10 |     4 ||    14
       Conjure Ball Ligh |       |       |       |       |       |     4 |     2 ||     6
       Deflect Missiles  |       |       |       |       |       |     2 |     2 ||     4
Invok: Vitalisation      |       |       |       |     1 |    29 |    28 |    27 ||    85
       Recite            |       |       |       |       |     1 |     5 |     7 ||    13
       Donate Gold       |       |       |       |       |       |     1 |       ||     1
Evoke: Wand              |       |       |     7 |    13 |    42 |    42 |    29 ||   133
       Phial of floods   |       |       |       |     1 |     5 |     3 |     2 ||    11
       Lamp of fire      |       |       |       |       |     4 |       |     2 ||     6
       Crystal ball of e |       |       |       |       |     5 |    20 |   109 ||   134
       Lightning rod     |       |       |       |       |       |     3 |     5 ||     8
       Sack of spiders   |       |       |       |       |       |       |     4 ||     4
  Use: Scroll            |       |     2 |     9 |    12 |    20 |    24 |    18 ||    85
       Potion            |       |     2 |     2 |     7 |     4 |    16 |     4 ||    35
 Stab: Sleeping          |       |     1 |     1 |     1 |       |     1 |       ||     4
       Paralysed         |       |       |     3 |       |       |       |       ||     3
       Distracted        |       |       |       |       |       |     9 |    19 ||    28
       Confused          |       |       |       |       |       |     2 |     5 ||     7
  Eat: Chunk             |     1 |     5 |    11 |    20 |    30 |    22 |     2 ||    91
       Ration            |       |     1 |     1 |     9 |    25 |    23 |    13 ||    72
Armor: Skin              |     3 |     6 |     9 |     7 |    25 |    42 |     9 ||   101
Dodge: Dodged            |     8 |    24 |    54 |   188 |   353 |   472 |   315 ||  1414
       Deflected         |       |       |       |       |       |    20 |    30 ||    50
Block: Buckler           |       |       |       |       |   117 |   352 |    28 ||   497
       Reflection        |       |       |       |       |    13 |    61 |    77 ||   151
       Shield            |       |       |       |       |       |       |   596 ||   596

Table legend:
 A = Non-vault XP
 B = Vault XP
 C = Vault XP percentage of total XP
 D = Non-vault monster count
 E = Vault monster count
 F = Vault count percentage of total count
                 A         B        C        D         E       F
            +---------+---------+-------+---------+---------+-------
      Total |  313955 |  232480 |  42.5 |    1077 |     543 |  33.5
            +---------+---------+-------+---------+---------+-------
        D:1 |      36 |       0 |   0.0 |      20 |       0 |   0.0
        D:2 |     127 |      37 |  22.6 |      21 |       1 |   4.5
        D:3 |     334 |       0 |   0.0 |      20 |       0 |   0.0
        D:4 |     666 |     223 |  25.1 |      30 |       1 |   3.2
        D:5 |     329 |      36 |   9.9 |      13 |       9 |  40.9
        D:6 |    1048 |     274 |  20.7 |      22 |       1 |   4.3
        D:7 |    1357 |     380 |  21.9 |      23 |       1 |   4.2
        D:8 |    2197 |     629 |  22.3 |      32 |       1 |   3.0
        D:9 |    1957 |     161 |   7.6 |      28 |       8 |  22.2
       D:10 |    2892 |       0 |   0.0 |      41 |       0 |   0.0
       D:11 |    3329 |    4340 |  56.6 |      23 |      16 |  41.0
       D:12 |    5804 |     740 |  11.3 |      37 |       1 |   2.6
       D:13 |    7564 |     381 |   4.8 |      38 |       2 |   5.0
       D:14 |    8107 |    8657 |  51.6 |      35 |      23 |  39.7
       D:15 |   24918 |    9345 |  27.3 |      50 |      13 |  20.6
     Lair:1 |    1937 |    2917 |  60.1 |      11 |       8 |  42.1
     Lair:2 |    3229 |    1232 |  27.6 |      11 |       7 |  38.9
     Lair:3 |    4673 |       0 |   0.0 |      20 |       0 |   0.0
     Lair:4 |    1813 |     338 |  15.7 |      11 |       3 |  21.4
     Lair:5 |   12755 |     124 |   1.0 |      32 |       1 |   3.0
     Lair:6 |    8120 |    7532 |  48.1 |      31 |      41 |  56.9
   Shoals:1 |   10569 |    3041 |  22.3 |      28 |       7 |  20.0
   Shoals:2 |    9830 |    1105 |  10.1 |      26 |       4 |  13.3
   Shoals:3 |   15829 |     939 |   5.6 |      34 |       1 |   2.9
   Shoals:4 |    7637 |   16569 |  68.4 |      19 |      31 |  62.0
    Snake:1 |   10535 |   11292 |  51.7 |      23 |      22 |  48.9
    Snake:2 |   18726 |       0 |   0.0 |      43 |       0 |   0.0
    Snake:3 |   14317 |     774 |   5.1 |      36 |       1 |   2.7
    Snake:4 |   13570 |   25270 |  65.1 |      25 |      50 |  66.7
      Orc:1 |    4703 |       0 |   0.0 |      52 |       0 |   0.0
      Orc:2 |    5454 |    5577 |  50.6 |      43 |      65 |  60.2
   Vaults:1 |   22126 |   13185 |  37.3 |      35 |      19 |  35.2
   Vaults:2 |   26691 |   31456 |  54.1 |      48 |      50 |  51.0
   Vaults:3 |   22023 |   37773 |  63.2 |      45 |      41 |  47.7
   Vaults:4 |   10926 |   28041 |  72.0 |      26 |      42 |  61.8
   Depths:1 |   18398 |    4359 |  19.2 |      33 |      16 |  32.7
   Depths:2 |    9429 |    5687 |  37.6 |      12 |       5 |  29.4
     Bailey |       0 |    2574 | 100.0 |       0 |      27 | 100.0
      IceCv |       0 |    7492 | 100.0 |       0 |      25 | 100.0
            +---------+---------+-------+---------+---------+-------
